Map: [ESL] Hard Lead

Players

herO

  • Race: Protoss Protoss
  • Spawn Location: 5:00

ShoWTimE - Winner!

  • Race: Protoss Protoss
  • League: Diamond
  • Spawn Location: 11:00

Event: IEM Katowice 2024

VOD

Have the link to the VOD?

Description

Time

  • Played on: Feb. 10, 2024, 8:42 a.m.
  • Length: 13:06

All games in this series

Show
View Real Time Build Order
Export as new Build Order

herO Protoss 

Build Orders: Phoenix Opening, Blink Stalkers, Dark Templar Rush 

Get SALT Encoding   

  12  0:00  Probe  
  13  0:12  Probe  
  14  0:16  Pylon  
  14  0:24  Probe (Chrono Boost)  
  16  0:36  Gateway, Probe (Chrono Boost)  
  16  0:42  Probe (Chrono Boost)  
  16  0:47  Assimilator  
  17  0:50  Probe  
  18  0:58  Assimilator  
  18  1:03  Probe (Chrono Boost)  
  19  1:08  Gateway  
  20  1:12  Probe (Chrono Boost)  
  20  1:17  Probe (Chrono Boost)  
  20  1:25  Cybernetics Core  
  21  1:29  Probe  
  22  1:35  Pylon  
  22  1:41  Probe  
  23  1:53  Probe  
  24  2:01  Stalker x2  
  24  2:03  Warp Gate  
  28  2:14  Pylon  
  28  2:42  Sentry  
  28  2:43  Nexus  
  30  2:50  Twilight Council  
  30  2:59  Shield Battery  
  30  3:03  Pylon  
  30  3:05  Probe  
  31  3:08  Sentry  
  33  3:15  Phoenix  
  33  3:17  Probe  
  36  3:30  Probe (Chrono Boost)  
  35  3:34  Dark Shrine  
  36  3:42  Probe (Chrono Boost)  
  36  3:44  Forge  
  36  3:46  Blink (Chrono Boost)  
  36  3:47  Probe (Chrono Boost)  
  37  3:55  Probe (Chrono Boost)  
  38  4:02  Probe (Chrono Boost)  
  38  4:04  Probe (Chrono Boost)  
  38  4:08  Adept  
  38  4:09  Probe (Chrono Boost)  
  42  4:10  Adept  
  42  4:14  Probe  
  42  4:16  Protoss Ground Weapons Level 1 (Chrono Boost)  
  45  4:21  Probe  
  46  4:24  Pylon  
  46  4:27  Probe  
  47  4:37  Adept x2  
  51  4:39  Probe x2  
  51  4:43  Pylon  
  53  4:51  Probe x2  
  51  4:56  Gateway  
  51  4:59  Stalker x2  
  55  5:02  Gateway  
  55  5:05  Probe x2  
  57  5:14  Pylon  
  57  5:17  Probe x2  
  57  5:19  Assimilator  
  59  5:25  Stalker x2  
  63  5:31  Shield Battery  
  63  5:35  Pylon  
  63  5:44  Nexus  
  61  5:52  Stalker x2  
  63  5:57  Probe x2  
  63  5:58  Stalker  
  65  6:06  Stalker  
  65  6:09  Probe x2  
  65  6:17  Stalker x2  
  65  6:19  Pylon  
  65  6:21  Probe  
  65  6:22  Probe  
  67  6:28  Robotics Facility  
  65  6:33  Probe  
  65  6:34  Probe  
  67  6:40  Stalker x4  
  67  6:44  Photon Cannon  
  77  6:47  Probe x2 (Chrono Boost)  
  77  6:49  Pylon  
  77  6:51  Protoss Ground Weapons Level 2 (Chrono Boost)  
  77  6:57  Probe (Chrono Boost)  
  77  6:58  Probe (Chrono Boost)  
  77  7:05  Probe x3 (Chrono Boost)  
  76  7:11  Probe  
  76  7:13  Assimilator, Probe x2  
  77  7:16  Observer (Chrono Boost), Stalker x2  
  82  7:24  Probe  
  82  7:25  Probe x2  
  82  7:26  Gateway  
  82  7:27  Gateway  
  82  7:29  Observer (Chrono Boost)  
  87  7:39  Gateway  
  87  7:40  Gateway  
  86  7:48  Nexus  
  86  7:49  Warp Prism, Pylon  
  88  7:56  Observer  
  88  8:02  Stalker x4  
  88  8:05  Probe x3  
  99  8:08  Pylon  
  99  8:10  Photon Cannon  
  99  8:17  Probe x3, Pylon  
  99  8:18  Shield Battery  
  102  8:24  Gateway  
  102  8:25  Gateway  
  102  8:26  Observer  
  103  8:33  Zealot x2  
  103  8:34  Observer, Zealot x2  
  111  8:43  Zealot x4  
  111  8:47  Protoss Ground Weapons Level 3 (Chrono Boost)  
  119  8:51  Templar Archives  
  119  9:00  Probe x3  
  119  9:01  Probe  
  123  9:16  Robotics Bay  
  113  9:17  Assimilator  
  113  9:18  Robotics Facility, Zealot x7  
  113  9:21  Zealot  
  113  9:22  Charge (Chrono Boost)  
  113  9:24  Assimilator, Probe x3  
  130  9:26  Probe  
  132  9:33  Observer  
  132  9:36  Probe  
  134  9:39  Observer  
  134  9:40  Nexus  
  134  9:42  Pylon  
  134  9:43  Observer  
  134  9:45  High Templar x2, Zealot x2  
  138  9:46  Zealot  
  138  9:48  Observer  
  144  9:54  Zealot  
  144  9:55  Zealot x4, Archon  
  144  9:58  Shield Battery  
  154  10:08  Pylon  
  154  10:09  Disruptor (Chrono Boost), Shield Battery, Pylon  
  154  10:10  Disruptor (Chrono Boost)  
  154  10:11  Pylon  
  162  10:17  Photon Cannon  
  162  10:18  Photon Cannon  
  162  10:26  High Templar x2, Zealot  
  162  10:27  Zealot x2  
  172  10:34  Zealot  
  172  10:35  Archon  
  151  10:37  Disruptor (Chrono Boost)  
  147  10:47  Disruptor (Chrono Boost)  
  146  10:54  Zealot x8  
  166  11:05  Nexus  
  166  11:06  Disruptor (Chrono Boost), Pylon  
  166  11:08  Zealot  
  171  11:20  Zealot  
  171  11:24  Disruptor (Chrono Boost)  
  173  11:28  Stalker  
  173  11:29  Stalker x2  
  173  11:32  Photon Cannon  
  179  11:33  Photon Cannon  
  179  11:34  Photon Cannon  
  179  11:36  Photon Cannon  
  179  11:37  Shield Battery  
  179  11:39  Pylon  
  161  11:41  Stalker x3, Pylon  
  161  11:42  Pylon, Stalker  
  161  11:45  Disruptor (Chrono Boost)  
  127  11:48  Stalker  
  104  11:55  Zealot x5  
  76  12:11  Stalker x4  
  76  12:12  Stalker  
  86  12:24  Zealot x3  
  86  12:26  Zealot x2  
  87  12:40  Stalker x4  
  91  12:48  Zealot x2  
  91  12:49  Zealot  
  80  12:53  Zealot x2  
Show
View Real Time Build Order
Export as new Build Order

ShoWTimE Protoss - Winner!

Build Orders: Phoenix Opening, Blink Stalkers 

Get SALT Encoding   

  12  0:00  Probe  
  13  0:12  Probe  
  14  0:17  Pylon  
  14  0:24  Probe (Chrono Boost)  
  15  0:36  Gateway, Probe (Chrono Boost)  
  16  0:44  Probe (Chrono Boost)  
  16  0:46  Assimilator  
  17  0:51  Probe  
  18  1:03  Probe (Chrono Boost)  
  19  1:04  Assimilator  
  19  1:10  Gateway  
  19  1:13  Probe (Chrono Boost)  
  20  1:18  Probe (Chrono Boost)  
  20  1:24  Cybernetics Core  
  21  1:29  Probe  
  22  1:36  Pylon  
  22  1:41  Probe  
  23  1:54  Probe  
  23  2:00  Stalker  
  23  2:01  Warp Gate  
  26  2:07  Sentry, Probe  
  29  2:14  Pylon  
  29  2:19  Probe  
  30  2:28  Pylon  
  30  2:31  Stalker  
  30  2:33  Sentry  
  34  2:39  Phoenix  
  34  2:53  Nexus  
  34  2:56  Probe  
  35  3:04  Shield Battery  
  35  3:09  Probe  
  36  3:15  Twilight Council  
  36  3:17  Sentry  
  38  3:23  Pylon  
  38  3:25  Probe  
  39  3:29  Phoenix  
  39  3:42  Probe  
  39  3:43  Blink (Chrono Boost)  
  40  3:54  Probe  
  41  4:00  Robotics Facility  
  41  4:03  Stalker  
  41  4:06  Probe  
  41  4:08  Probe  
  45  4:16  Stalker  
  47  4:18  Probe  
  47  4:20  Probe  
  49  4:30  Probe  
  49  4:31  Phoenix  
  50  4:32  Stalker, Probe  
  53  4:39  Pylon  
  53  4:40  Shield Battery  
  53  4:42  Probe  
  53  4:44  Probe  
  53  4:54  Probe  
  53  4:55  Observer  
  53  4:58  Stalker x2  
  59  5:01  Probe  
  60  5:12  Nexus  
  60  5:13  Probe x2  
  62  5:21  Pylon  
  62  5:23  Stalker  
  62  5:25  Stalker  
  66  5:28  Probe  
  66  5:29  Assimilator  
  66  5:32  Probe  
  68  5:38  Pylon  
  66  5:58  Stalker x2  
  66  6:00  Probe  
  69  6:10  Immortal (Chrono Boost)  
  71  6:17  Probe  
  64  6:19  Probe  
  57  6:26  Stalker x2  
  57  6:28  Probe (Chrono Boost)  
  57  6:29  Shield Battery  
  57  6:30  Probe (Chrono Boost)  
  57  6:31  Probe (Chrono Boost)  
  62  6:33  Gateway x2  
  62  6:36  Gateway  
  62  6:37  Forge  
  63  6:40  Immortal (Chrono Boost), Probe (Chrono Boost)  
  63  6:42  Probe (Chrono Boost)  
  63  6:46  Probe (Chrono Boost)  
  69  6:48  Probe (Chrono Boost)  
  69  6:50  Probe (Chrono Boost), Stalker  
  69  6:53  Stalker  
  75  6:54  Probe  
  75  6:55  Probe  
  75  6:59  Probe  
  76  7:06  Probe  
  76  7:07  Protoss Ground Weapons Level 1 (Chrono Boost), Probe  
  74  7:14  Stalker  
  72  7:16  Immortal (Chrono Boost)  
  72  7:17  Assimilator, Stalker  
  78  7:24  Pylon  
  78  7:26  Charge  
  78  7:28  Gateway  
  78  7:29  Stalker  
  80  7:32  Zealot x2  
  80  7:35  Probe  
  85  7:38  Gateway  
  85  7:45  Gateway  
  85  7:47  Gateway  
  85  7:51  Stalker  
  87  7:52  Stalker, Pylon  
  87  7:57  Observer  
  90  8:04  Nexus  
  89  8:11  Shield Battery  
  89  8:15  Zealot x4  
  97  8:21  Templar Archives  
  97  8:22  Pylon  
  97  8:24  Probe  
  98  8:28  Zealot  
  98  8:33  Pylon  
  100  8:34  Pylon  
  100  8:38  Zealot x4  
  108  8:42  Zealot  
  108  8:46  Pylon  
  110  8:48  Zealot  
  110  8:49  Protoss Ground Weapons Level 2 (Chrono Boost), Zealot  
  114  8:57  High Templar x2, Pylon  
  114  9:01  Archon, Stalker  
  120  9:02  Zealot  
  120  9:07  Observer (Chrono Boost)  
  122  9:13  Stalker x2  
  126  9:20  Zealot x3  
  132  9:25  Gateway  
  132  9:27  Gateway, Probe x2  
  132  9:28  Probe x2  
  136  9:33  Zealot x2  
  136  9:34  Warp Prism (Chrono Boost)  
  142  9:41  High Templar x2  
  142  9:44  Archon  
  142  9:45  Pylon  
  146  9:49  Zealot x3  
  152  9:59  Pylon  
  152  10:00  Pylon  
  152  10:01  Zealot x3  
  158  10:07  High Templar  
  158  10:09  High Templar  
  158  10:10  Zealot x2  
  165  10:14  Archon  
  165  10:23  Pylon  
  165  10:26  Pylon  
  165  10:31  High Templar  
  155  10:35  High Templar  
  155  10:36  Zealot x7  
  155  10:39  Archon  
  155  10:41  Pylon  
  167  10:43  Observer  
  168  10:55  Probe  
  168  10:56  Probe x3  
  170  10:58  Stalker x3  
  170  11:02  Stalker  
  178  11:05  Zealot x6  
  178  11:08  Probe  
  185  11:18  Zealot  
  175  11:26  Zealot x7  
  175  11:27  Zealot x3  
  195  11:38  Observer  
  158  11:47  Stalker x4  
  146  11:48  Zealot  
  146  11:49  Zealot x6  
  152  11:59  Immortal (Chrono Boost)  
  134  12:09  Zealot x4  
  134  12:10  Zealot x5  
  144  12:25  Stalker x2  
  144  12:28  Observer (Chrono Boost)  
  145  12:31  Zealot x8  
  143  12:48  Zealot x3  
  129  12:53  Zealot x6  
  129  12:54  Zealot x2  

Tags
 
Add a new tag
Caveats
  • Supply blocks, unpowered buildings, or Contaminate may cause inaccurate times.
  • Supply counts are checked every 10 seconds.